 Dungeon Crawl Stone Soup version 0.29.0-13-gc9e81de378 (webtiles) character file.

Game seed: 9961554692188999331

25 Jase the Sneak (level 2, -1/13 HPs)
             Began as a Spriggan Enchanter on Sept 8, 2022.
             Succumbed to a kobold's poison
             ... on level 1 of the Dungeon.
             The game lasted 00:02:42 (895 turns).

Jase the Sneak (Spriggan Enchanter)                  Turns: 895, Time: 00:02:43

Health: -1/13      AC:  2    Str:  4    XL:     2   Next: 82%
Magic:  6/6        EV: 17    Int: 16    God:
Gold:   45         SH:  0    Dex: 15    Spells: 4/6 levels left

rFire   . . .      SeeInvis +   a - +1 dagger
rCold   . . .      Faith    .   (no shield)
rNeg    . . .      Spirit   .   b - +0 robe
rPois   .          Reflect  .   (helmet restricted)
rElec   .          Harm     .   (no cloak)
rCorr   .          Rampage  .   (gloves unavailable)
Will    .....                   (boots unavailable)
Stlth   +++.......              (no amulet)
HPRegen 0.04/turn               (no ring)
MPRegen 0.10/turn               (no ring)

@: lethally poisoned (-1 -> -20), very quick
A: very small, no large weapons, unfitting armour, see invisible, speed 3
a: no special abilities


You were on level 1 of the Dungeon.
You visited 1 branch of the dungeon, and saw 1 of its levels.

You collected 45 gold pieces.

Inventory:

Hand Weapons
 a - a +1 dagger (weapon)
 e - a +0 short sword
Missiles
 g - 4 datura-tipped darts (quivered)
Armour
 b - a +0 robe (worn)
Scrolls
 d - a scroll of magic mapping {unknown}
 f - a scroll of blinking {unknown}
 h - a scroll of identify {unknown}
Potions
 c - 2 potions of invisibility


   Skills:
 + Level 2.0 Short Blades
 - Level 2.6 Dodging
 + Level 5.1 Stealth
 - Level 2.6 Spellcasting
 + Level 4.1 Hexes


You had 4 spell levels left.
You knew the following spells:

 Your Spells              Type           Power      Damage    Failure   Level
a - Ensorcelled Hibernat  Hex/Ice        16%        N/A       13%         2

Your spell library contained the following spells:

 Spells                   Type           Power      Damage    Failure   Level
 Confusing Touch          Hex            15%        N/A       11%         3
 Tukima's Dance           Hex            15%        N/A       11%         3
 Dazzling Flash           Conj/Hex       16%        N/A       26%         3


Dungeon Overview and Level Annotations

Branches:
Dungeon (1/15)

Altars:


Innate Abilities, Weirdness & Mutations

You are very small and have problems with some larger weapons.
You are too small for most types of armour.
You have supernaturally acute eyesight. (SInv)
You cover ground extremely quickly. (Speed+++)


Message History

HP restored.
You see here a dart slug corpse.
The helpless endoplasm fails to defend itself.
You impale the endoplasm!!
You kill the endoplasm!
Found a leather armour.
You now have 45 gold pieces (gained 7).
A hobgoblin comes into view.
The helpless hobgoblin fails to defend itself.
You impale the hobgoblin!!
You kill the hobgoblin!
You see here a hobgoblin corpse.
A rat comes into view.
A frilled lizard comes into view.
You catch the helpless frilled lizard completely off-guard!
You impale the frilled lizard!!
You kill the frilled lizard!
Your Short Blades skill increases to level 2!
The helpless rat fails to defend itself.
You impale the rat!!
You kill the rat!
Unknown command.
As you open the door, it creaks loudly!
You hear a shout!
There is an open door here.
A kobold comes into view.
It is wielding a +2 short sword of venom.
The kobold shouts!
You hit the kobold.
The kobold is heavily wounded.
The kobold hits you with a +2 short sword of venom.
You are poisoned.
You barely miss the kobold.
The kobold is heavily wounded.
You feel sick.
The kobold hits you with a +2 short sword of venom.
* * * LOW HITPOINT WARNING * * *
You are more poisoned.
Okay, then.
You hit the kobold.
You kill the kobold!
You die...

#.# #.# #.# #.#
#.# #.# #.# #.#
#.# #.#
##.##########.#
#.......@)....#
###############


There were no monsters in sight!

Vanquished Creatures
  2 dart slugs (D:1)
  4 endoplasms (D:1)
  A giant cockroach (D:1)
  A goblin (D:1)
  2 hobgoblins (D:1)
  2 jackals (D:1)
  A frilled lizard (D:1)
  6 kobolds (D:1)
  2 rats (D:1)
21 creatures vanquished.

Vanquished Creatures (others)
  14 plants (D:1)
14 creatures vanquished.

Grand Total: 35 creatures vanquished

Notes
Turn   | Place    | Note
-------+----------+-------------------------------------------
     0 | D:1      | Jase the Spriggan Enchanter began the quest for the Orb.
     0 | D:1      | Reached XP level 1. HP: 9/9 MP: 5/5
   341 | D:1      | Reached XP level 2. HP: 13/13 MP: 6/6
   344 | D:1      | Learned a level 2 spell: Ensorcelled Hibernation
   652 | D:1      | Reached skill level 5 in Stealth
   895 | D:1      | Succumbed to a kobold's poison

Illustrated notes

Levels and vault maps discovered:
D:1:      psy_arrival_wood_between_worlds, layout_basic,
          hangedman_abyss_or_decor_lesser_grid, chequers_serial_rivers_micro_b,
          chequers_serial_rivers_large_b

Skill      XL: |  1  2 |
---------------+-------+-----
Hexes          | 4 |  4.1
Stealth        | 5 |  5.1
Short Blades   | 2 |  2.0
Dodging        | |  2.6
Spellcasting   | |  2.6

Action                   || total
-------------------------++-------
Melee: Dagger            ||    50
 Cast: Ensorcelled Hiber ||     2
 Stab: Sleeping          ||    14
       Distracted        ||     1
Dodge: Dodged            ||    23
